Map: Flashback LE

Players

Logic

  • Race: Terran Terran
  • League: Platinum
  • Spawn Location: 7:00

Frozen

  • Race: Protoss Protoss
  • Spawn Location: 7:00

Giroro

  • Race: Terran Terran
  • Spawn Location: 7:00

MattBarry - Winner!

  • Race: Terran Terran
  • Spawn Location: 11:00

LeaderPryce - Winner!

  • Race: Zerg Zerg
  • Spawn Location: 11:00

MattBarry - Winner!

  • Race: Zerg Zerg
  • Spawn Location: 9:00

VOD

Have the link to the VOD?

Description

Time

  • Played on: Dec. 22, 2022, 10:41 p.m.
  • Length: 14:56
Show
View Real Time Build Order
Export as new Build Order

Logic Terran 

Build Orders: Banshee Rush 

Get SALT Encoding   

  12  0:01  SCV  
  13  0:14  SCV  
  14  0:20  Supply Depot  
  14  0:26  SCV  
  15  0:37  Refinery  
  15  0:42  SCV  
  16  0:46  Barracks  
  16  0:54  SCV  
  17  1:06  SCV  
  19  1:18  SCV  
  19  1:26  Refinery  
  19  1:30  SCV  
  20  1:39  Factory  
  20  1:40  Marine  
  22  1:49  Orbital Command  
  21  2:08  Command Center  
  21  2:12  Marine  
  22  2:16  SCV  
  23  2:24  Supply Depot  
  23  2:35  Starport  
  23  2:38  Factory Tech Lab  
  23  2:45  SCV  
  24  2:53  Marine  
  25  3:03  SCV  
  26  3:16  Factory Reactor  
  26  3:18  SCV  
  27  3:20  Banshee  
  27  3:21  Cloaking Field  
  30  3:27  Orbital Command  
  30  3:31  SCV  
  31  3:37  Marine  
  32  3:47  Supply Depot  
  32  3:49  SCV  
  33  4:02  Factory Tech Lab  
  33  4:03  Banshee, SCV  
  33  4:04  SCV  
  38  4:10  Refinery  
  38  4:17  Engineering Bay  
  38  4:19  SCV x2  
  40  4:24  Siege Tank  
  43  4:33  Marine  
  43  4:34  Marine  
  43  4:37  SCV x2  
  47  4:40  Supply Depot  
  47  5:01  Fusion Core  
  47  5:02  SCV x2  
  49  5:16  Missile Turret  
  49  5:17  Refinery  
  49  5:27  Command Center  
  49  5:43  SCV  
  49  5:44  SCV  
  48  6:12  Marine x2  
  48  6:13  Siege Tank  
  48  6:15  Battlecruiser  
  56  6:33  SCV x2  
  58  6:41  Armory  
  58  6:42  Orbital Command  
  58  6:45  SCV x2  
  60  6:48  Siege Tank  
  63  6:54  Factory  
  63  6:57  SCV x2  
  63  6:58  Refinery  
  65  7:10  Missile Turret  
  65  7:13  Missile Turret  
  65  7:15  SCV x3  
  68  7:19  Battlecruiser  
  74  7:27  SCV x3, Refinery  
  77  7:38  Weapon Refit  
  77  7:43  Supply Depot  
  77  7:45  Marine x2  
  77  7:47  Supply Depot  
  79  7:59  SCV x3  
  79  8:02  Terran Vehicle Weapons Level 1  
  79  8:04  Armory  
  82  8:11  SCV  
  82  8:12  Supply Depot  
  83  8:14  Factory Tech Lab  
  83  8:15  Supply Depot  
  83  8:24  Battlecruiser  
  89  8:37  Thor x2  
  101  8:45  Starport  
  101  8:58  SCV x3  
  104  9:09  Armory  
  104  9:10  SCV x3  
  107  9:19  Thor  
  107  9:21  Starport Tech Lab, Command Center  
  107  9:22  SCV x3  
  116  9:26  Terran Ship Weapons Level 1  
  116  9:34  SCV  
  117  9:54  Thor, Battlecruiser  
  117  9:57  Supply Depot  
  117  9:59  Supply Depot  
  129  10:19  Thor  
  129  10:20  Battlecruiser  
  122  10:43  Planetary Fortress  
  122  10:47  Refinery  
  110  10:52  Siege Tank  
  113  10:58  Battlecruiser  
  118  11:36  Battlecruiser  
  118  11:38  Siege Tank x2  
  130  11:42  Refinery  
  130  11:44  Terran Vehicle Weapons Level 2  
  130  11:46  Terran Vehicle And Ship Armor Level 1  
  130  11:48  Terran Ship Weapons Level 2  
  130  11:54  SCV x4  
  130  11:59  Missile Turret  
  119  12:42  SCV x4  
  93  12:46  Thor  
  93  12:47  Thor  
  93  12:48  Battlecruiser x2  
  99  13:10  Missile Turret  
  99  13:12  Missile Turret  
  99  13:15  SCV  
  92  13:38  Siege Tank x2  
Show
View Real Time Build Order
Export as new Build Order

Frozen Protoss 

Build Orders: 1 Gate Expand, Carriers 

Get SALT Encoding   

  12  0:00  Probe  
  13  0:12  Probe  
  14  0:22  Pylon  
  14  0:24  Probe  
  15  0:40  Probe (Chrono Boost)  
  16  0:44  Gateway  
  16  0:48  Assimilator  
  16  0:52  Probe (Chrono Boost)  
  17  1:00  Probe (Chrono Boost)  
  18  1:15  Probe (Chrono Boost)  
  20  1:25  Probe (Chrono Boost)  
  20  1:31  Nexus  
  20  1:40  Assimilator  
  20  1:49  Cybernetics Core  
  20  1:54  Pylon  
  20  2:02  Pylon  
  20  2:06  Probe (Chrono Boost)  
  21  2:17  Probe (Chrono Boost)  
  22  2:22  Probe (Chrono Boost)  
  23  2:32  Probe  
  24  2:44  Probe  
  25  2:52  Stalker  
  25  2:54  Stargate  
  25  2:56  Probe  
  28  3:08  Probe (Chrono Boost)  
  28  3:09  Probe (Chrono Boost)  
  30  3:19  Probe x2 (Chrono Boost)  
  32  3:22  Stalker  
  32  3:23  Probe x2 (Chrono Boost)  
  36  3:35  Probe x2  
  38  3:47  Probe x2  
  40  3:55  Assimilator  
  40  3:59  Assimilator, Probe x2  
  42  4:11  Probe x2  
  44  4:17  Pylon  
  44  4:20  Pylon  
  44  4:23  Probe x2  
  46  4:25  Fleet Beacon  
  46  4:30  Phoenix  
  48  4:35  Probe x2  
  50  4:47  Probe x2  
  50  4:50  Pylon  
  52  4:53  Pylon  
  52  4:55  Phoenix (Chrono Boost)  
  52  4:56  Pylon  
  52  4:59  Pylon  
  54  5:02  Pylon  
  54  5:05  Pylon  
  54  5:08  Pylon  
  54  5:11  Pylon  
  54  5:16  Phoenix (Chrono Boost)  
  54  5:20  Anion Pulse-Crystals (Chrono Boost)  
  56  5:35  Phoenix  
  58  5:53  Nexus  
  58  5:57  Tempest (Chrono Boost)  
  63  6:32  Tempest  
  68  7:07  Assimilator  
  68  7:09  Probe (Chrono Boost)  
  68  7:11  Assimilator  
  68  7:12  Tempest (Chrono Boost)  
  69  7:21  Probe (Chrono Boost)  
  75  7:26  Probe (Chrono Boost)  
  76  7:35  Probe  
  77  7:48  Tempest (Chrono Boost), Probe  
  83  8:00  Probe  
  84  8:12  Probe  
  85  8:23  Tempest (Chrono Boost)  
  85  8:24  Probe  
  91  8:27  Stargate  
  91  8:29  Stargate  
  91  8:32  Stargate  
  91  8:34  Stargate  
  91  8:36  Probe (Chrono Boost)  
  92  8:41  Stargate  
  92  8:48  Probe (Chrono Boost)  
  93  8:54  Tempest  
  93  8:55  Probe (Chrono Boost)  
  99  9:02  Probe  
  100  9:14  Probe  
  101  9:26  Probe  
  101  9:29  Nexus  
  102  9:34  Tempest x2  
  102  9:35  Tempest x3  
  102  9:36  Tempest  
  132  9:38  Nexus  
  132  9:39  Probe  
  133  9:51  Probe  
  134  10:12  Probe  
  135  10:18  Carrier  
  135  10:19  Tempest  
  144  10:25  Probe  
  139  10:37  Probe  
  136  10:49  Tempest x4, Probe  
  157  11:02  Tempest  
  157  11:04  Probe x2 (Chrono Boost)  
  164  11:06  Probe (Chrono Boost)  
  165  11:15  Probe (Chrono Boost)  
  165  11:16  Probe (Chrono Boost)  
  167  11:20  Probe (Chrono Boost)  
  167  11:21  Tempest, Probe (Chrono Boost)  
  165  11:30  Probe  
  154  11:32  Probe  
  154  11:42  Probe  
  154  11:45  Tempest, Probe  
  161  11:58  Probe (Chrono Boost)  
  162  12:05  Probe (Chrono Boost)  
  164  12:09  Probe (Chrono Boost)  
  164  12:10  Assimilator  
  164  12:13  Probe (Chrono Boost)  
  164  12:14  Assimilator  
  166  12:15  Probe (Chrono Boost)  
  166  12:16  Assimilator  
  166  12:18  Carrier x2, Probe  
  166  12:19  Carrier  
  166  12:20  Assimilator, Carrier  
  166  12:22  Carrier  
  172  12:25  Probe  
  138  12:30  Probe  
  134  12:37  Probe  
  134  12:43  Probe  
  100  13:22  Carrier  
Show
View Real Time Build Order
Export as new Build Order

Giroro Terran 

Build Orders:  

Get SALT Encoding   

  12  0:00  SCV  
  13  0:12  SCV  
  14  0:20  Supply Depot  
  14  0:24  SCV  
  15  0:31  Refinery  
  15  0:44  Barracks  
  15  1:10  SCV  
  16  1:32  Orbital Command, Refinery  
  16  1:34  Barracks Reactor  
  16  1:46  Command Center  
  16  2:06  Factory  
  16  2:10  Marine x2  
  18  2:20  SCV  
  19  2:32  SCV  
  20  2:47  Marine x2  
  22  2:51  Factory Tech Lab  
  22  2:57  Starport  
  22  3:10  Supply Depot  
  22  3:19  Orbital Command  
  22  3:24  SCV  
  23  3:36  SCV  
  24  3:45  Bunker  
  24  3:48  SCV  
  24  3:51  Starport Tech Lab  
  25  3:58  Armory  
  25  4:00  SCV  
  25  4:01  Marine x2  
  28  4:06  SCV  
  29  4:12  SCV  
  30  4:18  SCV  
  30  4:19  Marine x2  
  33  4:31  SCV  
  34  4:37  Marine x2  
  36  4:43  SCV  
  36  4:45  Thor  
  37  4:50  Supply Depot  
  43  4:54  Refinery  
  43  5:01  SCV x2  
  45  5:12  Supply Depot  
  45  5:13  SCV  
  46  5:25  SCV  
  46  5:28  Thor  
  53  5:37  Fusion Core  
  53  5:42  Terran Vehicle And Ship Armor Level 1  
  53  5:56  Supply Depot  
  53  6:10  SCV  
  54  6:19  Supply Depot  
  54  6:22  SCV  
  55  6:34  SCV  
  55  6:36  Command Center  
  55  6:39  Barracks  
  56  6:43  Supply Depot  
  56  6:46  SCV  
  57  6:48  Battlecruiser  
  57  6:52  Thor  
  69  6:58  SCV  
  70  7:01  Refinery  
  70  7:19  Barracks  
  70  7:27  Barracks Reactor  
  70  7:28  Supply Depot  
  70  7:30  Barracks Tech Lab  
  70  7:36  Terran Vehicle Weapons Level 1  
  70  7:44  Marine x2  
  71  7:49  Thor  
  78  7:53  Starport  
  78  8:01  Marine x2  
  80  8:15  Battlecruiser  
  80  8:19  Marine x2  
  87  8:21  Combat Shield  
  88  8:35  Orbital Command  
  88  8:37  Marine x2  
  90  8:54  Refinery  
  90  9:13  SCV x3  
  93  9:25  SCV  
  93  9:26  SCV  
  95  9:34  Refinery  
  95  9:38  SCV x2  
  97  9:40  Thor, Stimpack  
  103  9:46  Battlecruiser  
  103  9:48  Starport Tech Lab  
  103  9:50  Supply Depot  
  109  10:12  Supply Depot, SCV  
  102  10:35  Supply Depot  
  62  10:43  Thor  
  66  11:16  Marine x3  
  69  11:26  Thor  
  75  11:34  Marine x3  
  78  11:52  Marine x3  
  81  12:09  Thor  
  81  12:10  Marine x3  
  87  12:28  Marine  
  70  12:35  Battlecruiser  
  79  12:37  Battlecruiser  
  79  12:51  Marine x3, Thor  
  79  13:08  Marine  
  79  13:09  Marine x2  
  82  13:26  Marine x2  
  82  13:27  Marine  
  65  13:34  Thor  
  65  13:39  Marine, Battlecruiser  
  73  13:41  Battlecruiser  
  73  13:44  Marine x3  
  75  13:57  Marine  
  75  14:02  Marine x3  
  63  14:15  Marine  
  64  14:20  Marine x3  
  64  14:32  Marine  
  64  14:38  Marine  
Show
View Real Time Build Order
Export as new Build Order

MattBarry Terran - Winner!

Build Orders: 2 Factory, Mech 

Get SALT Encoding   

  12  0:00  SCV  
  13  0:12  SCV  
  14  0:18  Supply Depot  
  14  0:25  SCV  
  15  0:39  SCV  
  15  0:41  Barracks  
  16  0:46  Refinery  
  16  0:51  SCV  
  17  1:04  SCV  
  18  1:16  SCV  
  19  1:28  Orbital Command  
  19  1:29  Marine  
  20  1:32  Supply Depot  
  20  1:47  Marine  
  21  1:59  SCV  
  21  2:01  Command Center  
  22  2:08  Factory  
  22  2:11  Barracks Reactor  
  22  2:16  SCV  
  22  2:20  Refinery  
  23  2:28  SCV  
  24  2:40  SCV  
  25  2:57  Barracks Tech Lab  
  25  2:58  Factory  
  25  2:59  SCV  
  25  3:01  Hellion x2  
  30  3:07  Supply Depot  
  30  3:11  SCV  
  31  3:13  Orbital Command  
  31  3:23  SCV  
  31  3:26  Hellion x2  
  36  3:39  SCV x2  
  38  3:47  Factory  
  38  3:49  Widow Mine x2  
  38  3:53  SCV  
  38  3:54  SCV  
  44  4:00  Siege Tank  
  47  4:10  SCV x2  
  47  4:11  Supply Depot x2  
  49  4:17  Hellion  
  49  4:20  Hellion  
  49  4:22  SCV  
  54  4:32  SCV  
  54  4:34  SCV  
  56  4:44  Siege Tank  
  56  4:45  SCV, Hellion x2  
  64  4:46  SCV  
  65  5:01  Refinery  
  65  5:03  SCV x2, Refinery  
  67  5:10  Supply Depot x2  
  67  5:15  SCV x2  
  69  5:22  Starport, Factory Tech Lab  
  69  5:31  Siege Tank  
  72  5:49  Armory  
  70  6:11  SCV x2  
  71  6:23  SCV x2  
  72  6:29  Command Center  
  72  6:34  Starport Reactor  
  72  6:35  Thor  
  72  6:36  Thor  
  84  6:41  Widow Mine  
  86  6:50  Supply Depot  
  86  6:53  Supply Depot x2  
  86  6:55  Supply Depot  
  86  7:12  Widow Mine, SCV x2  
  86  7:15  Factory  
  90  7:16  Terran Vehicle Weapons Level 1  
  90  7:25  Viking x2  
  90  7:27  Thor  
  100  7:30  Thor  
  106  7:55  SCV x2  
  108  7:59  Viking x2  
  108  8:00  Factory Tech Lab  
  112  8:07  SCV  
  112  8:08  SCV  
  112  8:09  Thor  
  121  8:20  SCV x2  
  121  8:23  Orbital Command  
  122  8:32  SCV x2  
  124  8:40  Thor  
  130  8:44  SCV x2  
  132  8:50  Refinery  
  132  8:51  Refinery  
  132  8:56  SCV, Command Center  
  133  9:04  Supply Depot  
  133  9:05  Supply Depot  
  133  9:06  Supply Depot  
  133  9:07  Supply Depot  
  133  9:13  Thor x2, SCV, Terran Vehicle And Ship Armor Level 1  
  146  9:20  Viking  
  146  9:22  Viking  
  150  9:29  SCV x3  
  153  9:41  SCV x2  
  153  9:44  Thor  
  161  10:08  Viking x2  
  161  10:10  Thor x2  
  140  10:34  Thor  
  118  10:53  Thor  
  122  10:58  Thor  
  122  11:03  Orbital Command  
  128  11:17  Viking  
  128  11:18  Viking  
  132  11:20  Thor  
  138  11:36  Thor  
  144  11:42  Thor  
  150  11:56  Terran Vehicle And Ship Armor Level 2  
  150  12:02  Thor  
  144  12:34  Orbital Command  
  144  12:44  Thor x2  
  120  12:45  Thor  
  120  12:46  Viking x2  
  142  13:01  Command Center  
  142  13:16  Viking x2  
  146  13:27  Thor x2  
  156  13:50  Thor  
  128  14:17  Viking x2  
Show
View Real Time Build Order
Export as new Build Order

LeaderPryce Zerg - Winner!

Build Orders: Pool First 

Get SALT Encoding   

  12  0:01  Drone  
  13  0:14  Overlord  
  13  0:18  Drone  
  14  0:32  Drone x2  
  16  0:36  Drone  
  17  0:47  Drone  
  18  0:50  Spawning Pool  
  17  1:02  Extractor  
  16  1:07  Drone  
  17  1:13  Drone  
  18  1:18  Drone  
  19  1:32  Drone  
  20  1:39  Queen  
  22  1:41  Overlord  
  22  1:56  Hatchery  
  22  2:01  Drone  
  22  2:05  Drone  
  23  2:11  Baneling Nest  
  23  2:12  Drone  
  23  2:23  Drone  
  24  2:33  Extractor  
  24  2:34  Queen  
  24  2:35  Zergling x2  
  26  2:50  Drone x4  
  30  3:03  Overlord  
  30  3:12  Drone  
  31  3:15  Queen  
  31  3:17  Drone  
  31  3:19  Drone x2  
  36  3:24  Drone x2  
  38  3:27  Drone  
  38  3:35  Drone x2  
  38  3:39  Lair  
  38  3:40  Zergling x2  
  41  3:47  Overlord  
  41  3:51  Queen  
  41  3:52  Drone  
  44  3:56  Overlord  
  44  4:02  Overlord  
  44  4:10  Drone  
  44  4:12  Overlord  
  45  4:20  Overlord  
  45  4:23  Zergling x2  
  45  4:24  Zergling x4  
  48  4:31  Extractor  
  48  4:32  Drone  
  48  4:35  Evolution Chamber, Drone  
  48  4:46  Drone  
  48  4:47  Hydralisk Den  
  48  4:48  Zergling x8  
  52  5:01  Drone x3  
  52  5:03  Centrifugal Hooks  
  55  5:07  Overlord  
  55  5:11  Zerg Ground Armor Level 1  
  55  5:13  Zergling x4  
  57  5:14  Hatchery  
  57  5:16  Metabolic Boost  
  57  5:19  Muscular Augments  
  57  5:21  Zergling x6  
  57  5:23  Drone  
  57  5:24  Drone  
  61  5:30  Overseer  
  61  5:31  Spore Crawler  
  61  5:34  Spore Crawler  
  59  5:42  Hydralisk x3  
  65  5:57  Queen  
  65  6:00  Hydralisk x4  
  75  6:04  Drone  
  75  6:07  Drone  
  77  6:16  Spore Crawler  
  76  6:40  Drone  
  76  6:42  Spire, Overlord x3  
  76  6:46  Pneumatized Carapace  
  76  6:51  Drone  
  76  6:52  Extractor  
  76  7:02  Hydralisk x2  
  76  7:04  Zergling x10  
  76  7:05  Zergling x12, Zerg Missile Weapons Level 1  
  91  7:12  Drone  
  91  7:15  Drone x2  
  94  7:28  Hydralisk, Grooved Spines  
  94  7:29  Hydralisk x2  
  100  7:31  Zergling x2  
  100  7:32  Zergling x6  
  104  7:51  Hydralisk x3  
  104  7:53  Overlord x2  
  104  7:54  Zergling x2, Overlord  
  111  8:13  Drone x9  
  111  8:16  Hydralisk x2  
  124  8:27  Hydralisk x3, Extractor  
  124  8:28  Extractor  
  124  8:30  Zergling x4  
  124  8:31  Zergling x2  
  131  8:35  Overlord  
  131  8:47  Overlord x3  
  131  8:48  Overlord  
  131  8:56  Drone x3  
  131  8:57  Drone  
  131  8:59  Hydralisk  
  131  9:00  Hydralisk  
  139  9:25  Hydralisk x4  
  139  9:26  Hydralisk x5  
  139  9:31  Overlord  
  157  9:36  Overseer  
  157  9:43  Overseer x2  
  157  9:44  Overseer  
  157  9:50  Hydralisk  
  157  9:51  Hydralisk x2  
  160  10:16  Zergling x26  
  160  10:17  Zergling x12  
  177  10:35  Zergling x2  
  156  10:36  Zergling x10  
  124  10:44  Hydralisk  
  124  10:45  Hydralisk x4  
  108  10:53  Hydralisk  
  108  10:54  Hydralisk x4  
  107  10:57  Hydralisk  
  107  11:17  Hydralisk  
  107  11:18  Hydralisk x9  
  110  11:42  Hydralisk  
  110  11:43  Hydralisk x5  
  119  11:51  Drone  
  119  11:52  Drone x3  
  119  11:58  Zergling x12  
  125  12:02  Zerg Flyer Armor Level 1  
  125  12:05  Zerg Melee Weapons Level 1, Hatchery  
  124  12:10  Hydralisk x2  
  128  12:20  Zergling x14  
  128  12:21  Zergling x10  
  140  12:33  Zergling x2  
  140  12:34  Zergling x4  
  121  12:45  Zergling x2  
  121  12:46  Zergling x10  
  117  13:00  Drone  
  117  13:01  Hydralisk x2, Drone x2  
  124  13:11  Zergling x2  
  124  13:12  Zergling x4  
  127  13:26  Hydralisk  
  129  13:27  Hydralisk x7  
  129  13:28  Hydralisk x3  
  149  13:35  Hydralisk x4  
  156  13:44  Queen  
  147  13:58  Zergling x2  
  147  13:59  Zergling x24  
  157  14:18  Hydralisk x12  
Show
View Real Time Build Order
Export as new Build Order

MattBarry Zerg - Winner!

Build Orders: Hatch First 

Get SALT Encoding   

  12  0:00  Drone  
  13  0:12  Overlord  
  13  0:17  Drone  
  14  0:30  Drone  
  15  0:37  Drone  
  16  0:50  Hatchery  
  16  0:57  Drone x2  
  17  1:08  Extractor  
  16  1:11  Drone  
  16  1:17  Spawning Pool  
  16  1:26  Drone x2  
  18  1:35  Drone  
  19  1:50  Drone  
  20  1:55  Overlord  
  20  2:04  Queen  
  22  2:10  Queen  
  22  2:14  Drone x4  
  28  2:39  Drone  
  28  2:40  Drone  
  28  2:43  Metabolic Boost  
  30  2:48  Zergling x2  
  30  2:49  Zergling x2  
  32  3:08  Hatchery  
  31  3:30  Overlord x2  
  31  3:32  Drone x5  
  31  3:34  Overlord x2  
  36  3:37  Overlord  
  36  3:53  Extractor  
  36  3:55  Extractor  
  34  4:10  Hatchery  
  34  4:16  Drone x3  
  34  4:17  Drone  
  37  4:20  Drone  
  37  4:22  Lair  
  38  4:34  Evolution Chamber  
  37  4:39  Evolution Chamber  
  36  5:10  Hatchery  
  35  5:20  Drone  
  32  5:37  Spore Crawler  
  32  5:42  Spore Crawler  
  23  5:59  Drone x5  
  23  6:00  Drone x4  
  23  6:02  Zerg Melee Weapons Level 1  
  23  6:03  Zerg Ground Armor Level 1  
  32  6:09  Spore Crawler  
  31  6:29  Queen  
  31  6:30  Extractor  
  32  6:52  Spire  
  31  7:01  Spire  
  30  7:07  Queen  
  32  7:11  Queen  
  34  7:20  Drone  
  34  7:21  Drone x4  
  34  7:22  Drone x6  
  45  7:23  Drone x5  
  45  7:24  Drone x3  
  53  7:31  Overseer  
  53  7:47  Queen  
  55  8:04  Drone  
  55  8:05  Drone x7  
  62  8:06  Drone x3  
  62  8:07  Drone x2  
  62  8:08  Corruptor x2  
  72  8:17  Zerg Flyer Weapons Level 1  
  72  8:18  Zerg Flyer Armor Level 1  
  72  8:46  Extractor  
  71  8:50  Extractor  
  70  8:59  Overlord x4  
  70  9:00  Corruptor x3  
  70  9:01  Corruptor x2  
  80  9:25  Corruptor  
  80  9:26  Corruptor x2  
  86  9:56  Hatchery  
  85  10:12  Drone  
  85  10:13  Drone x8, Overlord  
  85  10:14  Overlord x3  
  94  10:17  Zergling x2  
  94  10:18  Zergling x48  
  94  10:19  Zergling x2  
  120  10:40  Corruptor x6  
  120  10:41  Corruptor x5  
  142  10:53  Corruptor x2  
  142  10:54  Corruptor  
  148  11:24  Infestation Pit  
  147  11:26  Zerg Melee Weapons Level 2  
  147  11:34  Queen  
  149  11:54  Overseer  
  149  12:10  Queen  
  151  12:22  Corruptor  
  147  12:23  Corruptor x10  
  147  12:24  Corruptor x2  
  143  12:55  Overlord x2  
  143  12:56  Overlord x3  
  141  12:58  Corruptor  
  141  12:59  Corruptor x3  
  149  13:06  Extractor  
  149  13:09  Extractor  
  147  13:24  Hive  
Tags
 
Add a new tag
Caveats
  • Supply blocks, unpowered buildings, or Contaminate may cause inaccurate times.
  • Supply counts are checked every 10 seconds.